 Dungeon Crawl Stone Soup version 0.28.0-53-g5a82cb258f (webtiles) character file.

Game seed: 17511123855259453146

193 Eman85 the Chiller (level 5, 37/37 HPs)
             Began as a Vampire Ice Elementalist on May 31, 2022.
             Quit the game in a sewer.
             The game lasted 00:08:15 (1535 turns).

Eman85 the Chiller (Vampire Ice Elementalist)       Turns: 1535, Time: 00:08:16

Health: 37/37      AC:  2    Str:  7    XL:     5   Next: 43%
Magic:  9/9        EV: 13    Int: 19    God:
Gold:   77         SH:  0    Dex: 15    Spells: 3/10 levels left

rFire   . . .      SeeInvis +   h - +0 mace
rCold   . . .      Faith    .   (no shield)
rNeg    . . .      Spirit   .   a - +0 robe
rPois   .          Reflect  .   (no helmet)
rElec   .          Harm     .   (no cloak)
rCorr   .          Rampage  .   (no gloves)
Will    .....                   (no boots)
Stlth   ++........              i - amulet of magic regeneration
HPRegen 0.32/turn               (no ring)
MPRegen 0.51/turn               (no ring)

@: healing quickly
A: alive, fangs 3, see invisible, vampiric 2
a: Exsanguinate


You were in a sewer.
You visited 1 branch of the dungeon, and saw 3 of its levels.
You also visited: Sewer.

You collected 116 gold pieces.
You spent 39 gold pieces at shops.

Inventory:

Hand Weapons
 h - a +0 mace (weapon)
Missiles
 e - 7 poisoned darts
Armour
 a - a +0 robe (worn)
Jewellery
 f - an amulet of the acrobat
 i - an amulet of magic regeneration (around neck)
Scrolls
 b - a scroll of immolation {unknown}
 d - a scroll of summoning {unknown}
 j - a scroll of amnesia {unknown}
Potions
 c - a potion of magic {unknown}
 g - a potion of mutation {unknown}
 k - a potion of berserk rage


   Skills:
 * Level 1.6 Fighting
 * Level 3.2 Dodging
 - Level 3.0 Stealth
 + Level 0.1 Unarmed Combat
 + Level 3.2 Spellcasting
 + Level 5.2 Ice Magic


You had 3 spell levels left.
You knew the following spells:

 Your Spells              Type           Power      Damage    Failure   Level
a - Freeze                Ice            88%        1d10      1%          1
b - Frozen Ramparts       Ice            44%        1d6       5%          3
c - Ozocubu's Armour      Ice            22%        N/A       5%          3

Your spell library contained the following spells:

 Spells                   Type           Power      Damage    Failure   Level
 Tukima's Dance           Hex            3%         N/A       41%         3
 Hailstorm                Conj/Ice       13%        3d5       45%         4
 Anguish                  Hex/Necr       1%         N/A       83%         4
 Dispersal                Tloc           1%         N/A       100%        6
 Enfeeble                 Hex            1%         N/A       100%        7
 Disjunction              Tloc           1%         N/A       100%        8


Dungeon Overview and Level Annotations

Branches:
Dungeon (3/15)              Sewer (1/1)

Altars:

Shops:
D:2 !


Innate Abilities, Weirdness & Mutations

Your natural rate of healing is accelerated.
You have razor-sharp teeth.
You have supernaturally acute eyesight. (SInv)
You are afflicted with vampirism and can become a bat while bloodless.


Message History

Casting: Frozen Ramparts (dangerous; 6% risk of failure)
Press: ? - help, Dir - look around, f - activate The walls around you are covered in ice.
A water moccasin is nearby!
A water moccasin is nearby!
The wall freezes the water moccasin.
The water moccasin seems to slow down.
The wall freezes the water moccasin.
You freeze the water moccasin.
The water moccasin is lightly wounded.
The water moccasin seems to slow down.
The wall freezes the water moccasin!
The water moccasin barely misses you.
You freeze the water moccasin!
The water moccasin is almost dead.
The water moccasin seems to slow down.
The wall freezes the water moccasin.
The water moccasin barely misses you.
You freeze the water moccasin.
The water moccasin is almost dead.
The frozen ramparts melt away.
The water moccasin misses you.
You freeze the water moccasin.
You kill the water moccasin!
Your Dodging skill increases to level 3!
Your Spellcasting skill increases to level 3!
Your Ice Magic skill increases to level 5!
You have reached level 5!
You feel agile.
Your icy armour cracks and falls away as you move.
Found a war axe and 58 gold pieces.
Magic restored.
You now have 11 gold pieces.
You now have 28 gold pieces (gained 17).
You now have 39 gold pieces (gained 11).
You see here a +0 war axe.
You now have 54 gold pieces (gained 15).
You now have 62 gold pieces (gained 8).
You now have 77 gold pieces (gained 15).
Done exploring.
Done exploring.
Okay, then.
Unknown command.
Are you sure you want to abandon this character and quit the game? (Confirm with "yes".)

##.....##
#.#
#######
###.###
##.....##
#.......#
#.......#
#.......#
#.......#
#...[...#
##@.)..##
#######


There were no monsters in sight!

Vanquished Creatures
  A water moccasin (Sewer)
  An orc wizard (D:3)
  An adder (D:3)
  A river rat (D:3)
  A worm (D:3)
  4 orcs (D:3)
  2 endoplasms (D:1)
  5 giant cockroaches
  2 goblins
  4 hobgoblins
  A quokka (D:1)
  2 ball pythons (D:3)
  8 bats
  A frilled lizard (D:2)
  2 kobolds (D:1)
  7 rats
43 creatures vanquished.

Notes
Turn   | Place    | Note
-------+----------+-------------------------------------------
     0 | D:1      | Eman85 the Vampire Ice Elementalist began the quest for the
                  | Orb.
     0 | D:1      | Reached XP level 1. HP: 13/13 MP: 3/3
   596 | D:1      | Reached XP level 2. HP: 17/19 MP: 3/5
  1019 | D:2      | Found a faded altar of an unknown god.
  1081 | D:2      | Found Tadezyif's Distillery.
  1089 | D:2      | Bought a potion of curing for 39 gold pieces
  1188 | D:2      | You fall into a shaft and drop 1 floor!
  1269 | D:3      | Gained mutation: You are afflicted with vampirism and can
                  | become a bat while bloodless. [Vampire growth]
  1269 | D:3      | Reached XP level 3. HP: 25/25 MP: 4/6
  1274 | D:3      | Learned a level 3 spell: Frozen Ramparts
  1340 | D:3      | Reached skill level 1 in Fighting
  1344 | D:3      | Reached XP level 4. HP: 22/32 MP: 3/7
  1456 | D:3      | Found a glowing drain.
  1460 | Sewer    | Entered a sewer
  1480 | Sewer    | Learned a level 3 spell: Ozocubu's Armour
  1492 | Sewer    | Noticed a water moccasin
  1507 | Sewer    | Killed a water moccasin
  1508 | Sewer    | Reached skill level 5 in Ice Magic
  1508 | Sewer    | Reached XP level 5. HP: 37/37 MP: 3/9
  1535 | Sewer    | Quit the game

Illustrated notes

Levels and vault maps discovered:
D:1:      onia_arrival_handbag, layout_basic
D:2:      layout_rooms, ebering_ecumenical_altar_box, serial_shops,
          nicolae_shop_statue_plus, kennysheep_generic_room_12
D:3:      layout_rooms, hellmonk_ghost_happy_afterlife, gup_sewer_entry_spiral,
          serial_shops, nicolae_shop_advertising_works
          [nicolae_subvault_shop_adworks], uniq_grinder
Sewer:    sewer_big_baddie

Skill      XL: |  1  2  3  4 |
---------------+-------------+-----
Fighting       | 1 |  1.6
Dodging        | 3 |  3.2
Spellcasting   | 3 |  3.2
Ice Magic      | 5 |  5.2
Stealth        | |  3.0
Unarmed Combat | |  0.1

Action                   |  1- 3 |  4- 6 || total
-------------------------+-------+-------++-------
Melee: Unarmed           |     5 |       ||     5
       Mace              |       |     6 ||     6
       Bite              |       |     1 ||     1
 Cast: Freeze            |    40 |    20 ||    60
       Frozen Ramparts   |     1 |     1 ||     2
       Ozocubu's Armour  |       |     1 ||     1
  Use: Potion            |     1 |       ||     1
 Stab: Sleeping          |     1 |     2 ||     3
Armor: Robe              |     4 |     6 ||    10
Dodge: Dodged            |    24 |    10 ||    34
